 Dungeon Crawl Stone Soup version 0.29.1-2-gbd0b4ee654 (webtiles) character file.

Game seed: 9366470850791779186

271 mcbry74 the Chopper (level 6, 0/55 HPs)
             Began as a Minotaur Berserker on Nov 23, 2022.
             Was a Believer of Trog.
             Slain by a gnoll
             ... wielding a +0 club
              (2 damage)
             ... on level 3 of the Dungeon.
             The game lasted 00:05:24 (2264 turns).

mcbry74 the Chopper (Minotaur Berserker)            Turns: 2264, Time: 00:05:24

Health: 0/55       AC:  9    Str: 21    XL:     6   Next: 2%
Magic:  5/5        EV: 11    Int:  6    God:    Trog [**....]
Gold:   106        SH:  0    Dex: 10    Spells: 5/5 levels left

rFire   . . .      SeeInvis .   a - +0 hand axe
rCold   . . .      Faith    .   (no shield)
rNeg    . . .      Spirit   .   k - +0 scale mail
rPois   .          Reflect  .   (helmet restricted)
rElec   .          Harm     .   e - +0 cloak
rCorr   .          Rampage  .   v - +0 pair of gloves
Will    .....                   (no boots)
Stlth   ..........              (no amulet)
HPRegen 0.18/turn               (no ring)
MPRegen 0.09/turn               (no ring)

@: lethally poisoned (0 -> -4)
A: horns 2, retaliatory headbutt
a: Renounce Religion, Berserk, Trog's Hand


You were on level 3 of the Dungeon.
You worshipped Trog.
Trog was pleased with you.
You visited 1 branch of the dungeon, and saw 3 of its levels.

You collected 106 gold pieces.

Inventory:

Hand Weapons
 a - a +0 hand axe (weapon)
Missiles
 f - 36 stones (quivered)
Armour
 b - a +0 animal skin
 e - a +0 cloak (worn)
 k - a +0 scale mail (worn)
 o - a +0 ring mail
 v - a +0 pair of gloves (worn)
Jewellery
 l - a ring of willpower
 n - a ring of magical power
Scrolls
 g - 3 scrolls of identify {unknown}
 h - 2 scrolls of fog {unknown}
 i - a scroll of silence {unknown}
 j - 3 scrolls of enchant weapon {unknown}
 m - a scroll of vulnerability {unknown}
 q - a scroll of blinking {unknown}
 r - 2 scrolls of amnesia {unknown}
 s - 3 scrolls of enchant armour {unknown}
 t - a scroll of noise {unknown}
 u - a scroll of summoning {unknown}
 y - a scroll of poison {unknown}
Potions
 c - a potion of mutation {unknown}
 d - 5 potions of curing {unknown}
 p - a potion of degeneration {unknown}
 w - 2 potions of magic {unknown}
 x - a potion of resistance {unknown}
 z - a potion of heal wounds {unknown}


   Skills:
 + Level 4.9 Fighting
 * Level 5.8 Axes
 + Level 4.0 Armour
 + Level 3.6 Dodging


You had 5 spell levels left.
You didn't know any spells.
Your spell library contained the following spells:

 Spells                   Type           Power      Damage    Failure   Level
 Iskenderun's Battlesphe  Conj           0%         2d6       100%        5
 Iron Shot                Conj/Erth      0%         9d1       100%        6
 Spellforged Servitor     Conj/Summ      0%         N/A       100%        7


Dungeon Overview and Level Annotations

Branches:
Dungeon (3/15)

Altars:
Gozag
Nemelex Xobeh

Shops:
D:2 (   D:3 !


Innate Abilities, Weirdness & Mutations

You have a pair of horns on your head.
You reflexively headbutt those who attack you in melee.


Message History

You hit the gnoll.
The gnoll is heavily wounded.
You feel sick.
The gnoll hits you from afar with a +0 spear.
You hit the gnoll. Your headbutt misses the gnoll.
The gnoll is severely wounded.
You feel sick. The gnoll barely misses you. The gnoll completely misses you.
You hit the gnoll but do no damage. You headbutt the gnoll.
The gnoll is moderately wounded.
You barely miss the gnoll.
You feel sick. The gnoll barely misses you.
The gnoll hits you but does no damage. The gnoll hits you with a +0 club.
You hit the gnoll.
The gnoll is severely wounded.
You hit the gnoll but do no damage.
You feel sick.
The gnoll hits you with a +0 flail of venom.
* * * LOW HITPOINT WARNING * * *
You are lethally poisoned!
The gnoll misses you. The gnoll hits you but does no damage.
You hit the gnoll but do no damage.
The gnoll is severely wounded.
You hit the gnoll.
* * * LOW HITPOINT WARNING * * *
You feel very sick. The gnoll closely misses you. You furiously retaliate!
You headbutt the gnoll.
You kill the gnoll!
Trog accepts your kill. The gnoll hits you but does no damage.
The gnoll completely misses you.
Your Armour skill increases to level 4!
You have reached level 6!
The gnoll attacks as you move away! The gnoll hits you with a +0 club.
* * * LOW HITPOINT WARNING * * *
x2 You feel sick.
You see here a ball python corpse.
* * * LOW HITPOINT WARNING * * *
You feel sick.
There is a stone staircase leading up here.
* * * LOW HITPOINT WARNING * * *
You feel sick. The gnoll hits you but does no damage.
The gnoll hits you with a +0 club.
You die...

.. ########.....#
#....$##.....##. #.....##........
#.###.∩...##........ ...
...................
.....####>...)##.$....
...#..........g#..###. ..
#.#####.......g@.# .
#........##......# .
##..P.#.#....♣♣#....# #♣♣.♣
.P...P.P...P♣.♣♣♣######.♣.♣♣♣
P..........♣..♣.♣ ♣♣.♣PP. .♣
....†.P...♣♣.P.♣♣ ♣..♣.♣♣♣♣ .
..###....♣..♣.PP.♣ ♣♣...♣P.♣♣♣..♣
..# +......♣♣.♣.PP♣♣§.♣..♣ ..♣.
..###.....♣♣..♣..♣♣§.♣P.P♣♣..♣♣P♣


You could see 2 gnolls.

Vanquished Creatures
  Sigmund (D:3)
  5 gnolls (D:3)
  2 worms
  A dart slug (D:1)
  4 bats
  4 endoplasms
  3 giant cockroaches
  2 hobgoblins
  4 quokkas
  2 ball pythons
  7 frilled lizards
  6 goblins
  5 rats
46 creatures vanquished.

Vanquished Creatures (others)
  22 plants (D:3)
22 creatures vanquished.

Grand Total: 68 creatures vanquished

Notes
Turn   | Place    | Note
-------+----------+-------------------------------------------
     0 | D:1      | mcbry74 the Minotaur Berserker began the quest for the Orb.
     0 | D:1      | Reached XP level 1. HP: 19/19 MP: 0/0
   357 | D:1      | Reached XP level 2. HP: 23/27 MP: 1/1
   414 | D:1      | Reached skill level 4 in Axes
  1275 | D:2      | Reached XP level 3. HP: 33/33 MP: 2/2
  1335 | D:2      | Found Lenloarr's Antique Weapon Boutique.
  1757 | D:3      | Found a faded altar of an unknown god.
  1816 | D:3      | Found an opulent altar of Gozag.
  1817 | D:3      | Found a sparkling altar of Nemelex Xobeh.
  1870 | D:3      | Noticed Sigmund
  1880 | D:3      | Killed Sigmund
  1881 | D:3      | Reached skill level 5 in Axes
  1881 | D:3      | Reached XP level 4. HP: 41/41 MP: 3/3
  1881 | D:3      | Reached XP level 5. HP: 47/47 MP: 4/4
  2085 | D:3      | Reached ** piety under Trog
  2243 | D:3      | Found Tuaq's Distillery.
  2262 | D:3      | Reached XP level 6. HP: 10/55 MP: 5/5
  2264 | D:3      | HP: 2/55 [poisoned by a gnoll]
  2264 | D:3      | Slain by a gnoll

Illustrated notes

Levels and vault maps discovered:
D:1:      roderic_octagonal_star, layout_loops_corners,
          nicolae_concentric_dashed_squares_mild
D:2:      layout_loops_cross, serial_shops, nicolae_shop_hallway_plus
D:3:      wad_woods_settlement, layout_basic, grunt_temple_overflow_opulence,
          hellmonk_ecumenical_altar_crossroads, serial_shops, shop,
          nicolae_square_shop, nicolae_diamond_shop, minmay_distorted,
          uniq_sigmund, uniq_grinder

Skill      XL: |  1  2  3  4  5 |
---------------+----------------+-----
Axes           | 4 5 |  5.8
Fighting       | 4 |  4.9
Armour         | 3 4 |  4.0
Dodging        | 3 |  3.6

Action                   |  1- 3 |  4- 6 || total
-------------------------+-------+-------++-------
Melee: Hand axe          |    84 |    47 ||   131
       Headbutt          |     9 |     7 ||    16
       Punch             |     2 |       ||     2
Invok: Berserk           |     1 |       ||     1
Armor: Animal skin       |     2 |       ||     2
       Scale mail        |    24 |    15 ||    39
Dodge: Dodged            |    36 |    27 ||    63
